 Dungeon Crawl Stone Soup version 0.18-a0-1637-g109f206 (webtiles) character file.

83 Geeful the Insei (level 4, -2/28 HPs)
             Began as an Octopode Transmuter on Mar 26, 2016.
             Slain by an adder (5 damage)
             ... on level 2 of the Dungeon.
             The game lasted 00:04:20 (1491 turns).

Geeful the Insei (Octopode Transmuter)              Turns: 1491, Time: 00:04:21

Health: -2/28      AC:  1    Str: 14    XL:     4   Next: 44%
Magic:  5/7        EV: 12    Int: 15    God:
Gold:   31         SH:  0    Dex: 13    Spells: 3 memorised, 2 levels left

rFire  . . .     SeeInvis .       - Unarmed
rCold  . . .     Gourm    .     (no shield)
rNeg   . . .     Faith    .     (helmet restricted)
rPois  .         Spirit   .     (no amulet)
rElec  .         Dismiss  .     (no ring)
rCorr  .         Reflect  .     (no ring)
SustAt .         Harm     .     (no ring)
MR     .....                    (no ring)
Stlth  ++........               (no ring)
                                (no ring)
                                (no ring)
                                (no ring)

@: mighty, lethally poisoned (-2 -> -9), not resistant to hostile enchantments,
unstealthy
A: almost no armour, amphibious, 8 rings, constrict 8, camouflage 1, gelatinous
body 1
a: no special abilities


You were on level 2 of the Dungeon.
You were not hungry.

You visited 1 branch of the dungeon, and saw 2 of its levels.

You collected 31 gold pieces.

Inventory:

Missiles
 a - 12 arrows
 j - 12 poisoned needles
Scrolls
 e - a scroll of fear {unknown}
Potions
 g - a potion of invisibility {unknown}
 h - a potion of berserk rage {unknown}
 k - a potion of ambrosia {unknown}
Books
 b - a book of Changes

   Spells                             Type                      Level
   a - Beastly Appendage              Transmutation                1
   b - Sticks to Snakes               Transmutation                2
   c - Spider Form                    Transmutation/Poison         3
   d - Ice Form                       Ice/Transmutation            4
   e - Blade Hands                    Transmutation                5
Comestibles
 c - a bread ration
 d - 2 chunks of flesh
 i - a meat ration


   Skills:
 - Level 1.0 Fighting
 - Level 2.0 Dodging
 * Level 3.9 Unarmed Combat
 + Level 2.5 Spellcasting
 * Level 3.3 Transmutations


You had 2 spell levels left.
You knew the following spells:

 Your Spells              Type           Power        Failure   Level  Hunger
a - Beastly Appendage     Trmt           ##....       8%          1    #......
b - Sticks to Snakes      Trmt           ##......     12%         2    ###....
c - Spider Form           Trmt/Pois      #.........   34%         3    ###....


Dungeon Overview and Level Annotations

Branches:
Dungeon (2/15)

Altars:
Fedhas
Trog


Innate Abilities, Weirdness & Mutations

You cannot wear most types of armour.
You are amphibious.
You can wear up to eight rings at the same time.
You can use your tentacles to constrict eight enemies at once.
Your skin changes colour to match your surroundings (Stealth).
Your rubbery body absorbs attacks (AC +1).


Message History

You feel sick.
Items here: †††† a jackal corpse; an adder corpse; a giant gecko corpse; a jackal corpse Your transformation has ended.
The adder closely misses you.
You tentacle-slap the adder. Your grab misses the adder.
The adder is moderately wounded.
You feel sick. The adder barely misses you.
You tentacle-slap the adder. Your grab misses the adder.
Your squeeze misses the adder.
The adder is heavily wounded.
The adder bites you.
* * * LOW HITPOINT WARNING * * *
You are lethally poisoned!
The adder poisons you!
Drink which item? (? for menu, Esc to quit)
It was a potion of might.
You feel very mighty all of a sudden. The adder bites you.
You die...

###.####.##......†.#### ......
#...####.##...........###......
..................##.........#.
..##...........................
..######.##...........?†.....PP
#....##....###...#..........PP_
####.......# #...#..........PPP
..####.....###...##..........P.
#.# ##....#...S@.r....#......[
#......##%###.#.#...>....
#....#..... #.#.#........
#....####.. .......##..% .....#
#. #.......# .. #### ##..... #.
......# ...####... ..#.#.....
.......... # .........##
##.####.. ..


You could see an adder and a quokka.

Vanquished Creatures
  A gnoll (D:1)
  2 adders (D:2)
  5 worms
  A dart slug (D:1)
  2 giant geckos
  2 giant cockroaches
  3 goblins
  4 hobgoblins
  2 jackals (D:2)
  7 kobolds
  A ball python (D:1)
  4 bats (D:1)
  A giant newt (D:1)
  2 rats
37 creatures vanquished.

Notes
Turn   | Place    | Note
--------------------------------------------------------------
     0 | D:1      | Geeful the Octopode Transmuter began the quest for the Orb.
     0 | D:1      | Reached XP level 1. HP: 13/13 MP: 3/3
   208 | D:1      | Reached XP level 2. HP: 12/18 MP: 3/5
   578 | D:1      | Reached XP level 3. HP: 23/23 MP: 4/6
  1063 | D:1      | Learned a level 2 spell: Sticks to Snakes
  1067 | D:1      | Learned a level 3 spell: Spider Form
  1385 | D:2      | Reached XP level 4. HP: 28/28 MP: 5/7
  1456 | D:2      | Found a bloodstained altar of Trog.
  1460 | D:2      | Found a blossoming altar of Fedhas.
  1491 | D:2      | Slain by an adder

Vault maps used:
D:1:      minmay_arrival_diagonal_passages
D:2:      bloody_trog, nicolae_overflow_hidden_temple, fedhas_altar_3,
          first_bread, gammafunk_pakellas_spire_experiment

Skill      XL: |  1  2  3 |
---------------+----------+-----
Transmutations | 3 |  3.3
Fighting       | |  1.0
Dodging        | |  2.0
Unarmed Combat | |  3.9
Spellcasting   | |  2.5

Action                   |  1- 3 |  4- 6 || total
-------------------------+-------+-------++-------
Melee: Unarmed           |    59 |    32 ||    91
 Cast: Beastly Appendage |     8 |     2 ||    10
       Spider Form       |     1 |     1 ||     2
  Use: Potion            |     1 |     1 ||     2
 Stab: Sleeping          |     2 |       ||     2
  Eat: Chunk             |     2 |       ||     2
